 Dungeon Crawl Stone Soup version 0.19-a0-1511-g16f215b (webtiles) character file.

13 jacquesderrida the Gusty (level 2, -2/14 HPs)
             Began as a Vine Stalker Wanderer on Sept 11, 2016.
             Slain by Terence
             ... wielding a +0 flail
              (9 damage)
             ... on level 2 of the Dungeon.
             The game lasted 00:00:40 (128 turns).

jacquesderrida the Gusty (Vine Stalker Wanderer)     Turns: 128, Time: 00:00:41

Health: -2/14      AC:  5    Str: 15    XL:     2   Next: 37%
Magic:  0/4        EV: 10    Int: 10    God:
Gold:   21         SH:  0    Dex: 14    Spells: 0 memorised, 3 levels left

rFire  . . .     SeeInvis .     b - +0 hand crossbow
rCold  . . .     Gourm    .     d - +0 ring mail
rNeg   . . .     Faith    .     (no shield)
rPois  .         Spirit   +     (no helmet)
rElec  .         Dismiss  .     (no cloak)
rCorr  .         Reflect  .     (no gloves)
MR     .....     Harm     .     (no boots)
Stlth  +.........               (no amulet)
                                (no ring)
                                (no ring)

@: no status effects
A: fangs 2, magic shield, antimagic bite, no device heal 3, rot immunity
a: no special abilities


You were on level 2 of the Dungeon.
You were not hungry.

You visited 1 branch of the dungeon, and saw 2 of its levels.

You collected 21 gold pieces.

Inventory:

Hand Weapons
 b - a +0 hand crossbow (weapon)
Missiles
 c - 17 bolts (quivered)
Armour
 d - a +0 ring mail (worn)
Scrolls
 e - a scroll of remove curse {unknown}
Books
 a - a book of Minor Magic

   Spells                             Type                      Level
   a - Magic Dart                     Conjuration                  1
   b - Blink                          Translocation                2
   c - Call Imp                       Summoning                    2
   d - Repel Missiles                 Charms/Air                   2
   e - Slow                           Hexes                        2
   f - Conjure Flame                  Conjuration/Fire             3
   g - Mephitic Cloud                 Conjuration/Poison/Air       3
Comestibles
 f - a bread ration


   Skills:
 - Level 1.0 Fighting
 - Level 1.0 Crossbows
 - Level 1.0 Armour
   Level 1.7 Shields
 + Level 2.0 Unarmed Combat
 - Level 1.1 Spellcasting
   Level 4.0 Air Magic


You had 3 spell levels left.
You didn't know any spells.

Dungeon Overview and Level Annotations

Branches:
Dungeon (2/15)

Altars:

Annotations:
D:2 Terence


Innate Abilities, Weirdness & Mutations

You have extremely sharp teeth.
When hurt, damage is shared between your health and your magic reserves.
Your bite disrupts and absorbs the magic of your enemies.
Potions and wands cannot restore your health.
You are immune to rotting.


Message History

Firing (i - inventory):
c - 20 bolts (quivered)
Press: ? - help, Shift-Dir - straight line, f/p - Terence
Aim: Terence, wielding a flail and wearing a scale mail (heavily wounded)
You shoot a bolt. The bolt hits Terence.
Terence is heavily wounded.
Terence hits you with a flail. Terence hits you but does no damage.
Firing (i - inventory):
c - 19 bolts (quivered)
Press: ? - help, Shift-Dir - straight line, f/p - Terence
Aim: Terence, wielding a flail and wearing a scale mail (heavily wounded)
You shoot a bolt. The bolt hits Terence.
Terence is severely wounded.
Terence hits you with a flail.
Firing (i - inventory):
c - 18 bolts (quivered)
Press: ? - help, Shift-Dir - straight line, f/p - Terence
Aim: Terence, wielding a flail and wearing a scale mail (severely wounded)
You shoot a bolt. The bolt hits Terence.
Terence is almost dead.
Terence hits you with a flail!
Ouch! That really hurt!
You die...

# .. #.#
###...#########
....(....(@@..#
......#######(#
..... #.<# ..@.
#..# ... #..#
.. #..# . #..#
####


You could see Terence.

Vanquished Creatures
  2 goblins (D:1)
  A kobold (D:1)
  13 rats (D:1)
16 creatures vanquished.

Notes
Turn   | Place    | Note
-------+----------+-------------------------------------------
     0 | D:1      | jacquesderrida the Vine Stalker Wanderer began the quest for the Orb.
     0 | D:1      | jacquesderrida set off with: a book of Minor Magic, a +0 hand crossbow, 28 bolts, a +0 ring mail, a bread ration
     0 | D:1      | Reached XP level 1. HP: 10/10 MP: 3/3
    20 | D:1      | Reached skill level 1 in Unarmed Combat
    29 | D:1      | Reached XP level 2. HP: 10/14 MP: 2/4
   116 | D:2      | Noticed Terence
   128 | D:2      | Slain by Terence

Vault maps used:
D:1:      erik_arrival_orb_chamber
D:2:      uniq_terence

Skill      XL: |  1  2 |
---------------+-------+-----
Unarmed Combat | 1 2 |  2.0
Fighting       | |  1.0
Crossbows      | |  1.0
Armour         | |  1.0
Shields        | |  1.7
Spellcasting   | |  1.1
Air Magic      | |  4.0

Action                   || total
-------------------------++-------
 Fire: Hand crossbow     ||    40
Armor: Ring mail         ||     9
Dodge: Dodged            ||    17
